 Dungeon Crawl Stone Soup version 0.30.1-9-gdf580d7c3d (webtiles) character file.

Game seed: 513720120204611704

1973 Chiseanne the Trooper (level 9, -1/71 HPs)
             Began as a Demonspawn Wanderer on Oct 4, 2023.
             Slain by a killer bee (3 damage)
             ... on level 6 of the Dungeon.
             The game lasted 00:16:59 (6422 turns).

Chiseanne the Trooper (Demonspawn Wanderer)         Turns: 6422, Time: 00:17:00

Health: -1/71      AC:  8    Str: 14    XL:     9   Next: 0%
Magic:  10/10      EV: 12    Int: 14    God:
Gold:   163        SH:  9    Dex: 15    Spells: 9/10 levels left

rFire   . . .        a - +1 falchion (vamp)
rCold   . . .        (no shield)
rNeg    . . .        m - +0 scale mail
rPois   .            e - +0 helmet
rElec   .            (no cloak)
rCorr   .            (no gloves)
SInv    .            (no boots)
Will    +....        p - amulet of reflection Stlth
                     o - ring of willpower
HPRegen 0.31/turn    (no ring)
MPRegen 0.12/turn

%: reflection
@: no status effects
A: demonic guardian 1, condensation shield, demonic touch 2
a: no special abilities


You were on level 6 of the Dungeon.
You visited 2 branches of the dungeon, and saw 8 of its levels.
You also visited: Sewer.

You collected 163 gold pieces.

Inventory:

Hand Weapons
 a - a +1 vampiric falchion (weapon)
 d - a +1 mace of protection
 k - a +0 war axe
 q - a +1 short sword of speed
 s - a +1 rapier
Missiles
 b - 14 poisoned darts (quivered)
 g - 70 stones
 j - 4 boomerangs
 n - a datura-tipped dart
Armour
 e - a +0 helmet (worn)
 m - a +0 scale mail (worn)
Jewellery
 o - a ring of willpower (left hand)
 p - an amulet of reflection (around neck)
Scrolls
 h - a scroll of fog
 r - a scroll of teleportation
Potions
 c - a potion of berserk rage
 f - a potion of haste
 i - a potion of brilliance


   Skills:
 * Level 6.9 Fighting
 - Level 1.0 Staves
 - Level 1.7 Throwing
 * Level 5.6 Armour
 * Level 6.3 Dodging
 - Level 1.0 Stealth
 - Level 1.0 Spellcasting
 - Level 3.0 Summonings
 - Level 1.2 Invocations


You had 9 spell levels left.
You knew the following spells:

 Your Spells              Type           Power      Damage    Failure   Level
a - Summon Small Mammal   Summ           36%        N/A       28%         1

Your spell library contained the following spells:

 Spells                   Type           Power      Damage    Failure   Level
 Call Imp                 Summ           18%        N/A       41%         2
 Magic Dart               Conj           0%         1d3       69%         1
 Blink                    Tloc           0%         N/A       83%         2
 Ignite Poison            Fire/Tmut/Pois 0%         N/A       96%         3
 Mephitic Cloud           Conj/Pois/Air  0%         N/A       96%         3
 Animate Armour           Summ/Erth      8%         N/A       99%         4
 Manifold Assault         Tloc           0%         N/A       100%        4
 Sticky Flame             Conj/Fire      0%         2d3       100%        4
 Storm Form               Tmut/Air       0%         N/A       100%        7
 Ignition                 Fire           0%         3d3       100%        8


Dungeon Overview and Level Annotations

Branches:
Dungeon (7/15)             Temple (1/1) D:6           Sewer (visited)

Altars:
Dithmenos
Fedhas
Kikubaaqudgha
Nemelex Xobeh
Okawaru
Ru
Sif Muna
Trog
Uskayaw
Vehumet
Wu Jian
Xom
Yredelemnul

Annotations:
D:5 Sigmund
D:6 Edmund


Innate Abilities, Weirdness & Mutations

A weak demonic guardian rushes to your aid.
A meltable shield of frost defends you. (SH +4)
Your touch may inflict irresistible damage on your foes.


Message History

You feel sick.
There is a stone staircase leading down here.
The killer bee attacks as you move away!
You block the killer bee's attack.
You feel sick. The killer bee misses you.
You closely miss the killer bee. Your touch misses the killer bee.
You feel sick. The killer bee stings you.
* * * LOW HITPOINT WARNING * * *
A demonic guardian appears!
The killer bee stings you!
* * * LOW HITPOINT WARNING * * *
You swap places.
You feel sick.
The killer bee barely misses your white imp.
The killer bee closely misses your white imp.
Your white imp misses the killer bee.
Okay, then.
You feel sick. The killer bee stings your white imp!
The killer bee stings your white imp.
Your white imp dies!
Your white imp disappears in a puff of smoke!
You aren't carrying any items that you can evoke.
Unknown command.
Throw: dart (curare)
Press: ? - help, Q - select action, (/) - cycle Shift-Dir - straight line, f - killer bee
Aim: a killer bee (34% to hit)
You throw a curare-tipped dart.
The curare-tipped dart closely misses the killer bee.
The curare-tipped dart hits the killer bee.
The killer bee is poisoned.
The killer bee convulses.
The killer bee seems to slow down.
The killer bee is almost dead.
You feel sick.
You kill the killer bee!
You have reached level 9!
Your experience leads to an increase in your attributes!
Increase (s)trength, (i)ntelligence, or (d)exterity?
You feel stronger. x2
You barely miss the killer bee. Your touch misses the killer bee.
You feel sick.
You are no longer poisoned.
The killer bee stings you.
You die...

#########
#.@y§>(.#
#.####.......
#. ..##### ..
..# ##. ..#
#. ..# #. ..#
## ###


You could see a killer bee.

Vanquished Creatures
  A water moccasin (Sewer)
  2 sky beasts (D:6)
  A black bear (D:4)
  3 ice beasts (D:5)
  A centaur (D:5)
  An ogre (D:6)
  2 phantoms
  3 scorpions
  A killer bee (D:6)
  A howler monkey (D:4)
  A jelly (D:6)
  2 hounds
  2 orc priests
  6 iguanas
  A sleepcap (D:5)
  3 orc wizards
  Robin (D:2)
  3 gnolls (D:4)
  10 adders
  A shadow imp (D:5)
  A white imp (D:6)
  3 worms
  7 dart slugs
  19 orcs
  6 endoplasms
  4 giant cockroaches
  14 goblins
  9 hobgoblins
  4 jackals
  2 quokkas
  6 ball pythons
  4 bats
  2 frilled lizards
  10 kobolds
  3 rats
140 creatures vanquished.

Vanquished Creatures (collateral kills)
  2 gnolls (D:6)
2 creatures vanquished.

Vanquished Creatures (others)
  A gnoll bouda (D:6)
  An orc wizard (D:4)
2 creatures vanquished.

Grand Total: 144 creatures vanquished

Notes
Turn   | Place    | Note
-------+----------+-------------------------------------------
     0 | D:1      | Chiseanne the Demonspawn Wanderer began the quest for the
                  | Orb.
     0 | D:1      | Chiseanne set off with the following items: a +0
                  | quarterstaff, 9 poisoned darts, a +0 dagger, a potion of
                  | curing, a +0 robe; and the following spell memorised:
                  | Summon Small Mammal; and the following spells available to
                  | memorise: Call Imp, Animate Armour.
     0 | D:1      | Reached XP level 1. HP: 13/13 MP: 2/2
   143 | D:1      | Reached skill level 1 in Fighting
   203 | D:1      | Reached skill level 1 in Dodging
   203 | D:1      | Gained mutation: Your touch may inflict minor irresistible
                  | damage on your foes. [demonic ancestry]
   203 | D:1      | Reached XP level 2. HP: 14/21 MP: 3/3
  1281 | D:2      | Reached XP level 3. HP: 27/27 MP: 4/4
  2139 | D:3      | Gained mutation: A meltable shield of frost defends you.
                  | (SH +4) [demonic ancestry]
  2139 | D:3      | Reached XP level 4. HP: 30/34 MP: 5/5
  2349 | D:3      | HP: 1/34 [something (3)]
  2444 | D:3      | Noticed Robin
  2507 | D:2      | Reached XP level 5. HP: 34/41 MP: 6/6
  2585 | D:2      | Killed Robin
  3517 | D:4      | Gained mutation: Your touch may inflict irresistible damage
                  | on your foes. [demonic ancestry]
  3517 | D:4      | Reached XP level 6. HP: 16/48 MP: 7/7
  4420 | D:4      | Gained mutation: A weak demonic guardian rushes to your
                  | aid. [demonic ancestry]
  4420 | D:4      | Reached XP level 7. HP: 55/55 MP: 8/8
  4767 | D:5      | Entered Level 5 of the Dungeon
  4809 | D:5      | Found a glowing drain.
  4832 | Sewer    | Entered a sewer
  4895 | Sewer    | Reached skill level 5 in Fighting
  5246 | D:5      | Reached skill level 5 in Dodging
  5246 | D:5      | Reached XP level 8. HP: 56/63 MP: 9/9
  5759 | D:5      | Noticed Sigmund
  5776 | D:5      | You fall into a shaft and drop 2 floors!
  5862 | D:6      | Reached skill level 5 in Armour
  5884 | D:6      | Found a staircase to the Ecumenical Temple.
  5894 | Temple   | Entered the Ecumenical Temple
  6205 | D:6      | Noticed Edmund
  6420 | D:6      | HP: 3/65 [poisoned by a killer bee]
  6422 | D:6      | Reached XP level 9. HP: 3/71 MP: 10/10
  6422 | D:6      | Slain by a killer bee

Illustrated notes

Levels and vault maps discovered:
D:1:      dpeg_arrival_oval, layout_loops_ring, serial_co_window_serial,
          co_window_paths_a, co_window_paths_b, co_window_paths_b,
          co_window_paths_a, co_window_corner_a, co_window_of_opportunity_a,
          co_window_paths_a, co_window_of_opportunity_a, co_window_paths_a,
          co_window_of_opportunity_b, co_window_2corner, co_window_broadway_a,
          co_window_paths_e, glass_columns_a, glass_columns_b, glass_columns_a
D:2:      layout_basic, amcnicky_mini_corridor_feature
D:3:      layout_basic, serial_bayou_pond_c, roderic_three_in_a_row,
          chequers_serial_rivers_micro_d, kennysheep_generic_room_3, uniq_robin
D:4:      black_bear_nest_1, layout_gridville
D:5:      layout_gridville, slow_altar_2, gup_sewer_entry_glass,
          grunt_ministairs_15, amcnicky_mini_rare_corridor_liquid,
          feat_on_display, uniq_sigmund
D:6:      layout_loops_cross, minmay_temple_entry_grid,
          nicolae_concentric_dashed_squares_mild, uniq_edmund
D:7:      layout_basic
Temple:   lightli_temple_of_artemis

Skill      XL: |  1  2  3  4  5  6  7  8 |
---------------+-------------------------+-----
Fighting       | 1 2 3 4 5 6 |  6.9
Dodging        | 1 2 3 4 5 6 |  6.3
Armour         | 2 4 5 |  5.6
Staves         | |  1.0
Throwing       | |  1.7
Stealth        | |  1.0
Spellcasting   | |  1.0
Summonings     | |  3.0
Invocations    | |  1.2

Action                     |  1- 3 |  4- 6 |  7- 9 || total
---------------------------+-------+-------+-------++-------
  Melee: Quarterstaff      |   106 |       |       ||   106
         Rapier            |    20 |   194 |    33 ||   247
         Touch             |     3 |    45 |    34 ||    82
         Punch             |       |     4 |     1 ||     5
         Falchion          |       |       |   111 ||   111
         Mace              |       |       |    27 ||    27
  Throw: Dart              |     2 |    12 |    19 ||    33
         Boomerang         |       |       |     6 ||     6
    Use: Scroll            |     7 |     6 |     7 ||    20
         Potion            |       |     4 |       ||     4
   Stab: Sleeping          |     4 |       |       ||     4
         Distracted        |       |     1 |       ||     1
 Armour: Robe              |    26 |     4 |       ||    30
         Ring mail         |       |    31 |       ||    31
         Scale mail        |       |     3 |    68 ||    71
  Dodge: Dodged            |    76 |    74 |    72 ||   222
  Block: Other             |     5 |    82 |    76 ||   163
         Reflection        |       |     1 |     1 ||     2
